 Dungeon Crawl Stone Soup version 0.23-a0-565-g3e74e4c (webtiles) character file.

506 Lavandula the Cudgeler (level 7, -7/43 (46) HPs)
             Began as a Halfling Enchanter on Dec 13, 2018.
             Mangled by an ice beast (12 damage)
             ... on level 6 of the Dungeon.
             The game lasted 00:05:50 (2179 turns).

Lavandula the Cudgeler (Halfling Enchanter)         Turns: 2179, Time: 00:05:51

HP:   -7/43 (46)    AC:  4    Str:  9    XL:     7   Next: 41%
MP:   0/9           EV: 15    Int: 15    God:
Gold: 84            SH:  0    Dex: 15    Spells: 3/9 levels left

rFire    . . .     SeeInvis .   g - +2 mace (crush)
rCold    . . .     Gourm    .   (shield restricted)
rNeg     . . .     Faith    .   b - +0 robe
rPois    .         Spirit   .   (no helmet)
rElec    .         Reflect  .   (no cloak)
rCorr    .         Harm     .   (no gloves)
MR       .....                  c - +1 pair of boots
Stlth    ++........             (no amulet)
HPRegen  0.14/turn              (no ring)
MPRegen  0.11/turn              (no ring)

@: very slightly contaminated
A: small, mutation resistance 1
a: no special abilities


You were on level 6 of the Dungeon.
You were very hungry.

You visited 1 branch of the dungeon, and saw 6 of its levels.

You collected 84 gold pieces.

Inventory:

Hand Weapons
 a - a +1 dagger
 g - a +2 mace of crushing (weapon)
Missiles
 h - 6 curare-tipped needles
 i - 56 sling bullets
Armour
 b - a +0 robe (worn)
 c - a +1 pair of boots (worn)
Wands
 n - a wand of polymorph (4)
Scrolls
 e - a scroll of teleportation {unknown}
 f - a scroll of magic mapping {unknown}
 j - a scroll of remove curse {unknown}
 k - a scroll of enchant weapon {unknown}
 l - 2 scrolls of identify {unknown}
 m - a scroll of noise {unknown}
Potions
 o - a potion of flight {unknown}
Comestibles
 d - 4 rations


   Skills:
 - Level 3.2 Fighting
 - Level 2.9 Short Blades
 + Level 5.1 Maces & Flails
 - Level 2.1 Dodging
 - Level 3.2 Stealth
 - Level 1.5 Spellcasting
 - Level 2.4 Hexes


You had 3 spell levels left.
You knew the following spells:

 Your Spells              Type           Power        Failure   Level  Hunger
a - Corona                Hex            #......      9%          1    ##.....
b - Ensorcelled Hibernat  Hex/Ice        #.....       22%         2    ###....
c - Dazzling Spray        Conj/Hex       #.....       38%         3    ####...

Your spell library contained the following spells:

 Spells                   Type           Power        Failure   Level  Hunger
 Confuse                  Hex            #.......     26%         3    ####...
 Tukima's Dance           Hex            #.......     26%         3    ####...


Dungeon Overview and Level Annotations

Branches:
Dungeon (6/15)
 Temple: D:4-7

Altars:
Makhleb
Okawaru

Annotations:
D:5 exclusion: water moccasin


Innate Abilities, Weirdness & Mutations

You are small and have problems with some larger weapons.
You are somewhat resistant to further mutation.


Message History

Aiming: Dazzling Spray (slightly dangerous; 38% risk of failure)
Press: ? - help, Shift-Dir - straight line, f/p - ice beast
Aim: an ice beast (severely wounded)
You miscast Dazzling Spray.
Multicoloured lights dance before your eyes!
The ice beast barely misses you.
You barely miss the ice beast.
The ice beast is severely wounded.
The ice beast misses you.
You hit the ice beast.
The ice beast is almost dead.
The ice beast hits you but does no damage.
The ice beast hits you. The ice beast freezes you!
* * * LOW HITPOINT WARNING * * *
You hit the ice beast but do no damage.
The ice beast is almost dead.
The ice beast hits you.
* * * LOW HITPOINT WARNING * * *
The ice beast freezes you!
You die...

#.#....(..#
#.##.####.# ##....#
#.# #...### #.#
##...## #.# .
#.....#####.####
..#........##....#
............#####.#
............Y@..#.#
#........<.####.#.#
####.....### #...#
####### #####


You could see an ice beast.

Vanquished Creatures
  Menkaure (D:6)
  A necrophage (D:5)
  2 phantoms
  A bullfrog (D:6)
  A worker ant (D:6)
  An adder (D:5)
  A shadow imp (D:5)
  An ooze (D:6)
  A worm (D:3)
  A dart slug (D:1)
  A leopard gecko (D:1)
  A ball python (D:3)
  A bat (D:1)
  2 giant cockroaches (D:1)
  A goblin (D:1)
  2 kobolds
  2 quokkas (D:5)
  A rat (D:1)
22 creatures vanquished.

Notes
Turn   | Place    | Note
-------+----------+-------------------------------------------
     0 | D:1      | Lavandula the Halfling Enchanter began the quest for the
                  | Orb.
     0 | D:1      | Reached XP level 1. HP: 11/11 MP: 3/3
    76 | D:1      | Reached XP level 2. HP: 1/17 MP: 4/4
   477 | D:1      | You fall through a shaft!
   550 | D:3      | Found a burning altar of Makhleb.
   712 | D:5      | Entered Level 5 of the Dungeon
   736 | D:5      | Reached XP level 3. HP: 19/21 MP: 5/5
   748 | D:5      | Reached skill level 1 in Fighting
   769 | D:5      | Learned a level 2 spell: Ensorcelled Hibernation
   785 | D:5      | Noticed a water moccasin
   789 | D:5      | Noticed a necrophage
   810 | D:5      | Killed a necrophage
   810 | D:5      | Reached XP level 4. HP: 3/28 MP: 6/6
   810 | D:5      | Reached XP level 5. HP: 4/33 MP: 7/7
  1170 | D:5      | Noticed a phantom
  1216 | D:5      | Killed a phantom
  1216 | D:5      | Reached skill level 2 in Maces & Flails
  1216 | D:5      | Reached XP level 6. HP: 16/39 MP: 2/8
  1221 | D:5      | Learned a level 3 spell: Dazzling Spray
  1361 | D:6      | Noticed Menkaure
  1361 | D:6      | Noticed an ice beast
  1390 | D:6      | Noticed a phantom
  1424 | D:6      | Killed a phantom
  1424 | D:6      | Reached skill level 3 in Maces & Flails
  1630 | D:6      | Killed Menkaure
  1630 | D:6      | Reached skill level 4 in Maces & Flails
  1630 | D:6      | Reached XP level 7. HP: 6/43 MP: 9/9
  1870 | D:6      | Found an iron altar of Okawaru.
  1907 | D:6      | Reached skill level 5 in Maces & Flails
  2179 | D:6      | Mangled by an ice beast

Vault maps used:
D:1:      scummos_arrival_forest
D:2:      eat_drink_and_be_merry_uskayaw, uniq_natasha
D:3:      bloody_makhleb, uniq_ijyb
D:4:      minmay_temple_entry_offerings, first_ration, minmay_misc_feat_tiny
D:6:      basic_altar, gammafunk_ghost_necromancy, uniq_menkaure

Skill      XL: |  1  2  3  4  5  6  7 |
---------------+----------------------+-----
Short Blades   | 2 |  2.9
Fighting       | 3 |  3.2
Maces & Flails | 2 4 5 |  5.1
Dodging        | |  2.1
Stealth        | |  3.2
Spellcasting   | |  1.5
Hexes          | |  2.4

Action                   |  1- 3 |  4- 6 |  7- 9 || total
-------------------------+-------+-------+-------++-------
Melee: Dagger            |    30 |       |     5 ||    35
       Mace              |    28 |    41 |    21 ||    90
 Cast: Corona            |     2 |    12 |       ||    14
       Dazzling Spray    |       |     2 |     2 ||     4
       Ensorcelled Hiber |       |       |     2 ||     2
  Use: Potion            |       |     1 |       ||     1
 Stab: Sleeping          |     1 |     1 |     1 ||     3
       Invisible         |       |       |     2 ||     2
  Eat: Ration            |       |     1 |       ||     1
       Chunk             |       |       |     1 ||     1
Armor: Robe              |    11 |     1 |     6 ||    18
       Skin              |       |     2 |       ||     2
Dodge: Dodged            |    37 |    19 |    29 ||    85

Table legend:
 A = Non-vault XP
 B = Vault XP
 C = Vault XP percentage of total XP
 D = Non-vault monster count
 E = Vault monster count
 F = Vault count percentage of total count
                 A         B        C        D         E       F
            +---------+---------+-------+---------+---------+-------
      Total |     552 |     172 |  23.8 |      21 |       1 |   4.5
            +---------+---------+-------+---------+---------+-------
        D:1 |      18 |       0 |   0.0 |       8 |       0 |   0.0
        D:2 |       2 |       0 |   0.0 |       1 |       0 |   0.0
        D:3 |       8 |       0 |   0.0 |       2 |       0 |   0.0
        D:5 |     274 |       0 |   0.0 |       6 |       0 |   0.0
        D:6 |     250 |     172 |  40.8 |       4 |       1 |  20.0
            +---------+---------+-------+---------+---------+-------
